 Dungeon Crawl Stone Soup version 0.15.2 (webtiles) character file.

249 StrictlyMummy the Insei (level 5, 0/42 HPs)
             Began as a Mummy Monk on Feb 15, 2021.
             Killed from afar by Natasha (10 damage)
             ... with a wand of magic darts
             ... on Level 3 of the Dungeon.
             The game lasted 00:27:53 (8385 turns).

StrictlyMummy the Insei (Mummy Monk)                Turns: 8385, Time: 00:27:53

HP   0/42        AC  0     Str 14      XL: 5   Next: 87%
MP   5/5         EV 10     Int  9      God:
Gold 191         SH  8     Dex 15      Spells:  0 memorised,  4 levels left

rFire  x . .     SeeInvis .       - Unarmed
rCold  + . .     Clarity  .     (no armour)
rNeg   + + +     rCorr    .     a - +0 shield
rPois  +         rRot     +     (no helmet)
rElec  .         Spirit   .     (no cloak)
SustAb .         Warding  .     (no gloves)
rMut   .         Stasis   .     (no boots)
Gourm  .                        (no amulet)
MR     .....                    (no ring)
                                (no ring)

@: slowed, very slow, not resistant to hostile enchantments, unstealthy
A: no food or potions, fire vulnerability, restore body, cold resistance 1,
negative energy resistance 3, poison resistance, torment resistance, unbreathing
a: no special abilities


You were on level 3 of the Dungeon.
You were not hungry.

You visited 1 branch of the dungeon, and saw 4 of its levels.

You collected 191 gold pieces.

Inventory:

Armour
 a - a +0 shield (worn)
Scrolls
 b - a scroll of identify
 c - a scroll of remove curse


   Skills:
 + Level 4.2 Fighting
 - Level 2.4 Dodging
 - Level 1.5 Stealth
 + Level 1.5 Shields
 * Level 5.0 Unarmed Combat


You had 4 spell levels left.
You didn't know any spells.

Dungeon Overview and Level Annotations

Branches:
Dungeon (4/15)
 Temple: D:4-7

Altars:
Elyvilon

Annotations:
D:3 exclusion: downstairs, Natasha
D:4 MordorOrchid's ghost, average SpBe


Innate Abilities, Weirdness & Mutations

You do not eat or drink.
Your flesh is vulnerable to fire.
Your flesh is cold resistant.
You are immune to negative energy.
Your system is resistant to poisons.
You are immune to unholy pain and torment.
You can survive without breathing.


Message History

You closely miss the orc wizard.
Read which item? (? for menu, Esc to quit)
As you read the scroll labeled GYZUNLA SUCHOUDGH, it crumbles to dust.
You feel aware of your surroundings.
You sensed 3 altars.
It was a scroll of magic mapping.
The orc wizard shouts!
You block the orc wizard's attack. You block the orc wizard's attack.
You climb upwards.
Level annotation: exclusion: downstairs, Natasha Natasha casts a spell at you.
You feel yourself slow down.
There is a stone staircase leading down here.
The orc wizard glows brightly for a moment.
The orc wizard points at you and mumbles some strange words.
The magic dart hits you!
* * * LOW HITPOINT WARNING * * *
You see here a quokka skeleton.
Natasha zaps a wand.
The magic dart hits you!
You die...

###### #....# ##### #....#
##...## #....#
##.....################....#
#.......#o%@................
#.........############......
#......h.## ##.......#
##....>### ###..##....#
#.......# #####...###....#
#.......# #.......# #....#
#.......#####.......########
##.....##....h....<.%....%h.
##...#...###.......########


You could see an orc wizard and Natasha.

Vanquished Creatures
  9 adders
  A giant mite (D:3)
  6 worms
  6 giant geckos
  9 orcs
  11 bats
  3 giant cockroaches
  9 hobgoblins
  24 jackals
  An ooze (D:3)
  5 quokkas
  A ball python (D:1)
  3 giant newts
  6 goblins
  10 kobolds
  An orc skeleton (D:4)
  7 rats
112 creatures vanquished.

Notes
Turn   | Place    | Note
--------------------------------------------------------------
     0 | D:1      | StrictlyMummy, the Mummy Monk, began the quest for the Orb.
     0 | D:1      | Reached XP level 1. HP: 18/18 MP: 1/1
   572 | D:1      | Reached XP level 2. HP: 22/24 MP: 2/2
  1555 | D:1      | Reached skill level 4 in Unarmed Combat
  1642 | D:2      | Reached XP level 3. HP: 8/29 MP: 3/3
  3030 | D:2      | Reached XP level 4. HP: 21/35 MP: 4/4
  4289 | D:2      | Reached skill level 1 in Shields
  4932 | D:3      | Reached XP level 5. HP: 35/42 MP: 5/5
  6129 | D:3      | Noticed Natasha
  6759 | D:3      | Found a white marble altar of Elyvilon.
  7741 | D:4      | Reached skill level 5 in Unarmed Combat
  8133 | D:4      | Noticed MordorOrchid's ghost (average SpBe)
  8385 | D:3      | Killed from afar by Natasha

Action                   |  1- 3 |  4- 6 || total
-------------------------+-------+-------++-------
Melee: Unarmed           |   186 |   393 ||   579
  Use: Scroll            |       |     9 ||     9
 Stab: Sleeping          |       |     2 ||     2
